Cogmind - Beta 16.1 @@@ ROGUE MODE // 2026.02.13 @ 20:52:31 Player: deepledi Result: Self-destructed Performance ------------- Evolutions (1) 500 Regions Visited (2) 400 Robots Destroyed (19) 95 Value Destroyed (294) 294 Prototype IDs (1) 20 Alien Tech Used (0) 0 Bonus (0) 0 TOTAL SCORE: 1309 Bonus ------- None Cogmind --------- Core Integrity 270/400 Matter 300/300 Energy 100/100 System Corruption 0% Temperature Cool (0) Movement Core (50) Location -9/Materials Parts ------- > --- POWER (1) -------- (None) > --- PROPULSION (3) --- Flight Unit Flight Unit > --- UTILITY (3) ------ Visual Processing Unit Sensor Array > --- WEAPON (2) ------- Katana > --- INVENTORY (5) ---- Compact Wheel Heat Sink Medium Storage Unit Light Armor Plating Peak State ------------ > --- POWER ------------ Light Ion Engine > --- PROPULSION ------- Flight Unit Flight Unit Flight Unit > --- UTILITY ---------- Visual Processing Unit Sensor Array Light Armor Plating > --- WEAPON ----------- Katana > --- INVENTORY -------- Light Treads Compact Wheel Heat Sink Medium Storage Unit [Rating: 11] Favorites ----------- Power Light Ion Engine Engine Light Ion Engine Propulsion Flight Unit Treads Light Treads Wheel Compact Wheel Flight Unit Flight Unit Utility Sensor Array Device Sensor Array Storage Small Storage Unit Processor Visual Processing Unit Protection Propulsion Shielding Weapon Light Assault Rifle Ballistic Gun Light Assault Rifle Slashing Weapon Katana Build | -11 -10 -9 ------- Run | Yrd Mat Mat Slots Evolved 2 | . . 2 Power . | . . . Propulsion 1 | . . 1 Utility 1 | . . 1 Weapon . | . . . Parts Attached 23 | 6 10 7 Power 4 | 1 2 1 Engine 4 | 1 2 1 Core . | . . . Reactor . | . . . Propulsion 7 | 2 3 2 Treads 1 | . 1 . Leg . | . . . Wheel 2 | 2 . . Hover . | . . . Flight 4 | . 2 2 Utility 6 | 1 3 2 Device 1 | . 1 . Storage 1 | 1 . . Processor 1 | . . 1 Hackware . | . . . Protection 3 | . 2 1 Artifact . | . . . Weapon 6 | 2 2 2 Energy Gun . | . . . Energy Cannon . | . . . Ballistic Gun 5 | 2 2 1 Ballistic Cannon . | . . . Launcher . | . . . Special Weapon . | . . . Impact Weapon . | . . . Slashing Weapon 1 | . . 1 Piercing Weapon . | . . . Special Melee Weapon . | . . . Unidentified Prototypes 1 | . . 1 Parts Lost 9 | . . 9 Power 2 | . . 2 Propulsion 3 | . . 3 Utility 2 | . . 2 Weapon 2 | . . 2 Highest Loss Streak 5 | . . 5 To Critical Strikes . | . . . Average Backups 4 | 2 5 4 Power . | . . . Propulsion 2 | 1 2 2 Utility 1 | . 1 1 Weapon . | . . . Tool/Special . | . . . Unused Backups 7 | . 4 3 Power 1 | . 1 . Propulsion 2 | . 2 . Utility 3 | . . 3 Weapon 1 | . 1 . Tool/Special . | . . . Average Slot Usage (%) 90 | . 96 78 Engine 12 | . 14 9 Treads 4 | . 5 4 Wheel 6 | . 8 3 Flight 15 | . 14 15 Device 10 | . 10 11 Storage 4 | . 6 . Processor 2 | . . 7 Protection 8 | . 8 7 Ballistic Gun 23 | . 27 16 Slashing Weapon 1 | . . 2 Peak Build Rating 11 | 6 7 11 Average Rating 7 | 4 6 8 On Entrance 4 | . 6 7 Avg Prop Armor Cover (%) 10 | . 11 5 Naked Turns . | . . . Heaviest Build 12 | 11 12 9 Greatest Support 26 | 26 26 20 Greatest Overweight (x) 1 | . 1 1 Average Overweight (x) . | . . . Largest Inventory Capacity 8 | 8 8 5 Average Capacity 5 | 7 6 5 Most Carried 8 | 5 8 5 Average Carried 4 | 2 5 4 Final Capacity 8 | 8 5 5 Final Carried 5 | 4 5 4 Class Distribution -------------------- 53% | Scavenger-Mutant 46% | Mutant Dominant Class ---------------- Scavenger-Mutant | -10/Materials Scavenger-Mutant | -9/Materials Resources | -11 -10 -9 ----------- Run | Yrd Mat Mat Matter Collected 739 | 210 165 364 Remotely . | . . . Salvage Created 462 | . 165 297 Parts 31 | . 11 20 Haulers Intercepted 1 | . . 1 Recyclers Shooed . | . . . Parts Field Recycled . | . . . Retrieved Matter . | . . . Parts Self-Destructed . | . . . Prevented . | . . . Parts Restored . | . . . Kills | -11 -10 -9 ------- Run | Yrd Mat Mat Combat Hostiles Destroyed 15 | . 5 10 Melee 6 | . . 6 Guns 9 | . 5 4 Classes Destroyed 6 | . 3 3 Worker 1 | . . 1 Hauler 1 | . . 1 Watcher 2 | . 2 . Swarmer 11 | . 3 8 Grunt 3 | . 2 1 Duelist 1 | . . 1 Best Kill Streak 3 | . 3 3 Combat Bots Only 3 | . 3 3 Max Kills in Single Turn 1 | . 1 1 Gunslinging . | . . . Exploded . | . . . Melee 1 | . . 1 Uniques/NPCs Destroyed . | . . . Combat | -11 -10 -9 -------- Run | Yrd Mat Mat Hostile Shots Fired 115 | . 26 89 Missed 34 | . 7 27 Hits 81 | . 19 62 Melee 4 | . . 4 Projectile 77 | . 19 58 AOE 1 | . . 1 Damage Taken 989 | . 221 768 Core 212 | . 82 130 Absorbed by Shields . | . . . Redirected to Shielding 44 | . . 44 Core Remaining (%) 83 | 100 67 . Volleys Fired 48 | . 20 28 Largest 2 | . 2 2 Hottest 43 | . 40 43 Shots Fired 91 | . 41 50 Gun 91 | . 41 50 Cannon . | . . . Launcher . | . . . Special . | . . . Kinetic 91 | . 41 50 Thermal . | . . . Explosive . | . . . Electromagnetic . | . . . Robot Hit Streak 5 | . 5 3 Robot Miss Streak 3 | . 2 3 Penetration Max . | . . . Secondary Targets . | . . . Shots Hit Robots 60 | . 25 35 Core Hits 27 | . 12 15 Critical Kills . | . . . Critical Parts Destroyed . | . . . Critical Strikes . | . . . Melee Attacks 21 | . . 21 Impact . | . . . Slashing 21 | . . 21 Piercing . | . . . Sneak Attacks . | . . . Combat Hostiles . | . . . Follow-up Attacks . | . . . Damage Inflicted 839 | . 254 585 Guns 549 | . 254 295 Cannons . | . . . Explosions . | . . . Melee 290 | . . 290 Ramming . | . . . Kinetic 549 | . 254 295 Thermal . | . . . Explosive . | . . . Electromagnetic . | . . . Impact . | . . . Slashing 290 | . . 290 Piercing . | . . . Highest Corruption 1 | . 1 . Average Corruption 1 | . 1 . Corruption Purged . | . . . Corruption Blocked . | . . . Effects 6 | . 6 . Message Errors 2 | . 2 . Heat Flow Errors 1 | . 1 . Energy Discharges 1 | . 1 . Data Loss (major) 1 | . 1 . Misfires 1 | . 1 . Overload Shots . | . . . Overflow Damage 32 | . . 32 Projectiles . | . . . Explosions . | . . . Melee 32 | . . 32 Knockbacks . | . . . Impact . | . . . Kinetic . | . . . Secondary . | . . . Self-Inflicted Damage . | . . . Shots . | . . . Rammed . | . . . Targets Rammed . | . . . Kicked . | . . . Crushed . | . . . Highest Temperature 214 | . 214 4 Average Temperature 44 | . 51 2 Received Heat Transfer 156 | . 84 72 Siege Activations . | . . . Martial Activations . | . . . Shielding Activations . | . . . Robots Disrupted . | . . . Combat Hostiles . | . . . Robots Corrupted . | . . . Combat Hostiles . | . . . Parts Fried . | . . . Impact Corruptions . | . . . Robots Melted . | . . . Combat Hostiles . | . . . Parts Melted . | . . . Heat Transferred . | . . . Parts Sabotaged . | . . . Parts Stolen . | . . . Parts Stripped . | . . . Power Chain Reactions . | . . . Alert | -11 -10 -9 ------- Run | Yrd Mat Mat Maximum Alert Level . | . . . Low Security (%) 100 | 100 100 100 Level 1 . | . . . Level 2 . | . . . Level 3 . | . . . Level 4 . | . . . Level 5 . | . . . High Security . | . . . Max Security . | . . . Peak Influence 155 | . 70 155 Initial . | . . . Average 29 | . 13 65 Influence Increases 505 | . 149 356 Destroy 0b10 Robot/C 300 | . 100 200 Destroy 0b10 Robot/NC 20 | . 10 10 Destroy Leader 56 | . 24 32 Successful Hack 38 | . 15 23 Destroy Structure 1 | . . 1 Lose Combat Pursuer 90 | . . 90 Influence Decreases 370 | . 149 221 Time Decay 280 | . 149 131 Lost Part 90 | . . 90 Squads Dispatched 3 | . 2 1 Investigation 1 | . 1 . Extermination . | . . . Reinforcement 2 | . 1 1 Assault . | . . . Garrison . | . . . Intercept . | . . . Searches Triggered . | . . . Construction Impeded . | . . . Haulers Reinforced . | . . . Active Scanning Responses . | . . . Cargo Convoy Interrupts . | . . . Stealth | -11 -10 -9 --------- Run | Yrd Mat Mat Distress Signals 2 | . 1 1 Communications Jammed . | . . . Distress Signals . | . . . Times Spotted 35 | . 11 24 Peak Tracking Total 7 | . 3 7 Tactical Retreats 2 | . . 2 Traps | -11 -10 -9 ------- Run | Yrd Mat Mat Traps Triggered 1 | . 1 . Indirectly . | . . . Trap Hack Attempts . | . . . Triggered . | . . . Disarmed . | . . . Reprogrammed . | . . . Reused . | . . . Traps Extracted . | . . . Installed . | . . . Triggered . | . . . Machines | -11 -10 -9 ---------- Run | Yrd Mat Mat Machines Disabled . | . . . Max in Single Turn . | . . . Machines Repaired . | . . . Machines Dismantled . | . . . Machines Sabotaged . | . . . Overloaded Fab Kills . | . . . Hacking | -11 -10 -9 --------- Run | Yrd Mat Mat Machines Accessed 7 | . 3 4 Terminals 5 | . 2 3 Fabricators . | . . . Repair Stations . | . . . Recycling Units 2 | . 1 1 Scanalyzers . | . . . Garrison Access . | . . . Total Hacks 20 | . 8 12 Successful 11 | . 5 6 Failed 9 | . 3 6 Catastrophic 2 | . 1 1 Database Lockouts . | . . . Manual 18 | . 6 12 Terminals 16 | . 6 10 Fabricators . | . . . Repair Stations . | . . . Recycling Units 4 | . 2 2 Scanalyzers . | . . . Garrison Access . | . . . Terminal Hacks 4 | . 2 2 Terminal Index 2 | . 1 1 Alert Level 1 | . . 1 Locate Traps 1 | . 1 . Fabricator Hacks . | . . . Repair Station Hacks . | . . . Recycling Unit Hacks 1 | . 1 . Report Inventory 1 | . 1 . Scanalyzer . | . . . Garrison Access Hacks . | . . . Unauthorized Hacks 6 | . 2 4 Terminals 4 | . 1 3 Botnet 4 | . 1 3 Fabricators . | . . . Repair Stations . | . . . Recycling Units 2 | . 1 1 Reject 2 | . 1 1 Scanalyzers . | . . . Garrison Access . | . . . Data Cores Recovered . | . . . Used . | . . . Hacking Detections 5 | . 2 3 Full Trace Events . | . . . Feedback Events . | . . . Feedback Blocked . | . . . Robot Schematics Acquired . | . . . Robots Built . | . . . Authchips . | . . . Time . | . . . Total Robot Build Rating . | . . . Part Schematics Acquired . | . . . Parts Built . | . . . Authchips . | . . . Time . | . . . Total Part Build Rating . | . . . Part Studies Acquired . | . . . Parts Repaired . | . . . Time . | . . . Parts Recycled . | . . . Recycled Matter . | . . . Retrieved Matter . | . . . Retrieved Components . | . . . Parts Scanalyzed . | . . . Part Schematics Acquired . | . . . Parts Damaged . | . . . Bothacking | -11 -10 -9 ------------ Run | Yrd Mat Mat Used RIF Installer . | . . . Robots Hacked . | . . . Non-combat . | . . . Combat . | . . . Robot Hacks Applied . | . . . Relay Couplers Released . | . . . Fabnet Peak Effective % . | . . . Robots Rewired . | . . . Allies Hacked . | . . . Hacks Repelled . | . . . Allies | -11 -10 -9 -------- Run | Yrd Mat Mat Total Allies . | . . . Largest Group . | . . . Highest-Rated Group . | . . . Highest-Rated Ally . | . . . Total Orders . | . . . Ally Attacks . | . . . Total Damage . | . . . Kills . | . . . Allies Corrupted . | . . . Allies Melted . | . . . Intel | -11 -10 -9 ------- Run | Yrd Mat Mat Active Infowar (turns) 844 | . 485 359 Optics 254 | . . 254 Sensors 844 | . 485 359 Robot Analysis Total . | . . . Derelict Logs Recovered . | . . . Drone Launches . | . . . Drone Recoveries . | . . . Exploration | -11 -10 -9 ------------- Run | Yrd Mat Mat Turns Passed 1093 | 62 672 359 Spaces Moved 784 | 58 401 325 Core 17 | 16 . 1 Treads 31 | . 13 18 Legs . | . . . Wheels 203 | 42 161 . Hover . | . . . Flight 533 | . 227 306 Fastest Speed 34 | 50 37 34 Average Speed 56 | 79 63 43 Slowest Speed 160 | 100 160 160 Overloaded Moves . | . . . Propulsion Burnouts . | . . . Robots Hopped 2 | . 2 . Potential Cave-ins . | . . . Cave-ins Triggered . | . . . Exploration Rate (%) 30 | 2 47 41 Regions Visited 2 Branch Regions . Pre-discovered Areas . | . . . Known Exits Taken . | . . . Unknown Exits Taken 2 | 1 1 . Scrap Searched . | . . . Spaces Dug 1 | . . 1 Terrain Destroyed 1 | . . 1 Melee 1 | . . 1 Projectile . | . . . AOE . | . . . Terrain Rammed . | . . . Walls Destroyed . | . . . Machines Disabled . | . . . Actions | -11 -10 -9 --------- Run | Yrd Mat Mat Total 1325 | 73 780 472 Wait 391 | . 323 68 Move 778 | 57 396 325 Hop 2 | . 2 . Pick Up 26 | 10 10 6 Fast Attach 6 | . 1 5 Attach 17 | 6 4 7 Detach 5 | . 2 3 Swap 14 | . 11 3 Drop 17 | . 11 6 Fire 48 | . 20 28 Melee 21 | . . 21 Ram . | . . . Kick . | . . . Crush . | . . . Escape Stasis . | . . . Rewire . | . . . Trap . | . . . Miscellaneous . | . . . Route ------- -11/Scrapyard -10/Materials (discovered 2 exits: *Mat / [*Min]) -9/Materials (discovered 1 exit: [*Mat]) History --------- Turn | Location | Event 9 | -11/Scrapyard | Discovered new exit (range 15) 63 | -11/Scrapyard | Entered Materials 92 | -10/Materials | Discovered new exit (range 11) 306 | -10/Materials | Build established: Mutant 658 | -10/Materials | Build established: Scavenger-Mutant 721 | -10/Materials | Discovered new exit (range 7) 735 | -10/Materials | Entered another Materials area 735 | -9/Materials | Evolved 2 slots: Propulsion x1, Utility x1 859 | -9/Materials | Discovered new exit (range 10) 1032 | -9/Materials | Lost 4 parts (1p1u2w) 1094 | -9/Materials | Self-destructed Last Messages --------------- 01026_ U-05 Engineer builds a Wall. 01029_ ALERT: Hostiles spotted, dispatching reinforcements to Terminal M010. 01033_ Acquired Lgt. Armor Plating. 01042_ Destroyed Flight Unit. 01042_ S-10 Pest destroyed. 01051_ Flight Unit destroyed. 01052_ Destroyed Flight Unit. 01058_ Acquired Flight Unit. 01059_ U-05 Engineer builds a Wall. 01063_ Acquired 11 matter. 01066_ Flight Unit destroyed. 01073_ S-10 Pest destroyed. 01075_ Destroyed Flight Unit. 01075_ S-10 Pest destroyed. 01080_ Lgt. Ion Engine destroyed. 01083_ S-10 Pest destroyed. 01086_ Lgt. Treads destroyed. 01089_ K-01 Serf collects debris. 01092_ Lgt. Armor Plating destroyed. Map ----- +----------------------------------------------------+ | ?????????????????????????????????????????????????? | | ?????????????????????????????????????????????????? | | ?????????????????????????????????????????????????? | | ?????????????????????????????????????????????????? | | ?????????????????????????????????????????????????? | | ?????????????????????????????????????????????????? | | ?????????????????????????????????????????????????? | | ?????????????????????????????????????????????????? | | ?????????????????????????????????????????????????? | | ?????????????????????????????????????????????????? | | ?????????????????????????????????????????????????? | | ?????????????????????##########??????????????????? | | ?????????????????????# #??????????????????? | | ?????????????????????# #??????????????????? | | ?????????????????????# #??????????????????? | | ?????????????????????# #??????????????????? | | ?????????????????????# #??????????????????? | | ?????????????????????# #??????????????????? | | ?????????????????????# ? #??????????????????? | | ?????????????????????? ? #??????????????????? | | ??????????????????????% ? ???????????????????? | | ?????????????????##########+###??????????????????? | | ????????########## !!! # ##+########????????? | | ????????? ## !!*o#% ??????? | | ???????#""" ## ! *[s%[T ??????? | | ????? ?#"R ## =#@ a u ??????? | | ????# ?#""" ## # k #######+#??????????? | | ????# ?# "" ## ## ##??????????????????? | | ????# ?# #######+##s #???????????????????? | | ????# ?# #???# #???????????????????? | | ????# ??? #???# #???????????????????? | | ????# ????? ????# #???????????????????? | | ????# ##+####+###???# #???????????????????? | | ????# ## ##### #???????????????????? | | ????# ## T" ?? #???????????????????? | | ????+ " ? #???????????????????? | | ????# ## % #???????????????????? | | ????# ## ##+####### #???????????????????? | | ????+ #### ### ## #???????????????????? | | ????# #??# ### ## #???????????????????? | | ????# #??# ### # #???????????????????? | | ????# #??# # # % #? #???????????????????? | | ????# #??# # # =* #? #???????????????????? | | ????# #??#+######## ## #???????????????????? | | ????# #??? ## # #???????????????????? | | ????# #?# ###???#???????????????????? | | ????# #?# ] """ ###?????????????????????????? | | ????# #?# """ #???????????????????????????? | | ????# #?# ] """ #???????????????????????????? | | ????# #?# """ #???????????????????????????? | +----------------------------------------------------+ Best States ------------- Heat Dissipation 28 Energy Generation 10 Energy Capacity 125 Matter Stores 300 Matter Capacity 300 Sight Range 18 Robot Scan Range 14 Terrain Scan Density 10 Armor Coverage 150 Propulsion Shielding 33 Evasion (%) 63 Recoil Reduction 1 Item Schematics ----------------- None Robot Schematics ------------------ None Fabricated ------------ Nothing Repaired ---------- Nothing Studied --------- None Alien Tech Used ----------------- None Achievements -------------- None Challenges ------------ None Game ------ Seed RefineryDataNanovents Manual? 0 Play Time 00:15:11 Cumulative 90.3 hours Start 2026.02.13 @ 20:37:29 End 2026.02.13 @ 20:52:31 Sessions 1 Manual Loads 0 Difficulty Rogue Special Mode None Game No. 108 Rogue 107 Adventurer 1 Explorer 0 Win Type - Total 0 Types 0/0/0/0/0/0/0/0/0/0 Lore% 26 Gallery% 42 Achievement% 32 Wizard Run 0 Options --------- Layout 0 ASCII 0 Keyboard 0 Movement Numpad Keybinds 0 Fullscreen 2 Font 18/SmallcapsGlow Map View 76x50 Zoom Use 0% Tactical HUD 1 Map Filters NONE Filters NONE Steam 1 RUN: 83805414-d720-424f-802c-4481536138c8